 Dungeon Crawl Stone Soup version 0.29-a0-925-g0a7a3d12f8 (webtiles) character file.

Game seed: 3593232571090236868

102501 Grwwl the Spry (level 15, 0/73 HPs)
             Began as a Felid Summoner on July 29, 2022.
             Was an Initiate of Gozag.
             Slain by a spark wasp (6 damage)
             ... on level 4 of the Spider Nest.
             The game lasted 03:52:54 (47083 turns).

Grwwl the Spry (Felid Summoner)                    Turns: 47083, Time: 03:52:55

Health: 0/73       AC: -5    Str:  4    XL:     15   Next: 86%
Magic:  28/31      EV: 31    Int: 34    God:    Gozag
Gold:   4562       SH:  0    Dex: 19    Spells: 2/37 levels left
                                        Lives:  0   Deaths: 2

rFire   . . .      SeeInvis +     - Unarmed
rCold   + . .      Faith    .   (shield unavailable)
rNeg    . . .      Spirit   .   (body armour unavailable)
rPois   .          Reflect  .   (helmet unavailable)
rElec   .          Harm     .   (cloak unavailable)
rCorr   .          Rampage  .   (gloves unavailable)
Will    ++...                   (boots unavailable)
Stlth   +++.......              P - amulet of magic regeneration
HPRegen 0.22/turn               f - +6 ring of intelligence {=R}
MPRegen 0.62/turn               G - +6 ring of intelligence

@: about to teleport, corroded, gold aura, blinkbolt cooldown, quick
A: very small, claws 1, fangs 3, see invisible, speed 1, shaggy fur 3, stealthy
paws, no weapons or thrown items, no armour, multi-lived
a: Renounce Religion, Potion Petition, Call Merchant, Bribe Branch


You were on level 4 of the Spider Nest.
You worshipped Gozag.
Gozag was most pleased with you.
You visited 5 branches of the dungeon, and saw 27 of its levels.
You also visited: Ossuary and Volcano.

You collected 11093 gold pieces.
You spent 2305 gold pieces at shops.
You paid 4226 gold pieces to Gozag.

Inventory:

Jewellery
 f - a +6 ring of intelligence (left paw) {=R}
 i - a +4 ring of evasion
 m - a ring of magical power
 r - a ring of protection from fire
 x - an amulet of regeneration
 G - a +6 ring of intelligence (right paw)
 N - a ring of willpower
 P - an amulet of magic regeneration (around neck)
Wands
 q - a wand of flame (72)
 v - a wand of mindburst (10)
 w - a wand of charming (13)
 z - a wand of polymorph (5)
 K - a wand of digging (17)
 L - a wand of acid (3)
Scrolls
 b - 11 scrolls of teleportation
 j - 2 scrolls of blinking
 l - 5 scrolls of poison
 n - a scroll of summoning
 t - 3 scrolls of fear
 u - 2 scrolls of magic mapping
 y - 5 scrolls of vulnerability
 C - 4 scrolls of immolation
 I - 3 scrolls of butterflies
Potions
 a - 5 potions of magic
 c - 7 potions of haste
 d - 7 potions of mutation
 e - 6 potions of might
 g - 7 potions of brilliance
 h - 3 potions of cancellation
 k - 11 potions of curing
 o - 4 potions of berserk rage
 p - 6 potions of flight
 s - 7 potions of lignification
 A - 6 potions of heal wounds
 B - a potion of resistance
 F - 2 potions of attraction
 H - 10 potions of ambrosia
Miscellaneous
 D - a lightning rod (4/4)
 E - a condenser vane


   Skills:
 - Level 13.1 Fighting
 - Level 16.8 Dodging
 - Level 4.0 Stealth
 - Level 4.0 Unarmed Combat
 * Level 11.8 Spellcasting
 - Level 7.0 Hexes
 - Level 11.0 Summonings
 + Level 5.9 Translocations
 + Level 14.1 Transmutations
 + Level 13.8 Air Magic


You had 2 spell levels left.
You knew the following spells:

 Your Spells              Type           Power      Damage    Failure   Level
a - Summon Small Mammal   Summ           100%       N/A       1%          1
c - Call Canine Familiar  Summ           76%        N/A       1%          3
d - Summon Cactus Giant   Summ           38%        N/A       3%          6
g - Summon Guardian Gole  Hex/Summ       69%        N/A       1%          3
l - Summon Lightning Spi  Summ/Air       81%        N/A       1%          4
m - Summon Mana Viper     Hex/Summ       69%        N/A       1%          5
s - Swiftness             Air            85%        N/A       1%          3
t - Tukima's Dance        Hex            62%        N/A       1%          3
S - Storm Form            Tmut/Air       43%        N/A       6%          7

Your spell library contained the following spells:

 Spells                   Type           Power      Damage    Failure   Level
 Slow                     Hex            100%       N/A       1%          1
 Call Imp                 Summ           76%        N/A       1%          2
 Ensorcelled Hibernation  Hex/Ice        88%        N/A       1%          2
 Passwall                 Tmut/Erth      51%        N/A       1%          2
 Static Discharge         Conj/Air       61%        3-11/arc  1%          2
 Freeze                   Ice            80%        1d9       2%          1
 Confusing Touch          Hex            62%        N/A       1%          3
 Dazzling Flash           Conj/Hex       88%        N/A       1%          3
 Gell's Gravitas          Tloc           57%        N/A       1%          3
 Spider Form              Tmut/Pois      62%        N/A       1%          3
 Ice Form                 Ice/Tmut       62%        N/A       1%          4
 Blade Hands              Tmut           43%        N/A       1%          5
 Summon Ice Beast         Ice/Summ       55%        N/A       2%          4
 Alistair's Intoxication  Tmut/Pois      41%        N/A       3%          5
 Fulminant Prism          Conj/Hex       22%        3d13      5%          4
 Manifold Assault         Tloc           57%        N/A       5%          5
 Iskenderun's Mystic Bla  Conj/Tloc      40%        2d9       6%          4
 Conjure Flame            Conj/Fire      20%        6-21      7%          3
 Frozen Ramparts          Ice            40%        1d6       7%          3
 Vampiric Draining        Necr           20%        2d7       7%          3
 Monstrous Menagerie      Summ           38%        N/A       21%         7
 Summon Hydra             Summ           38%        N/A       21%         7
 Dispel Undead            Necr           20%        3d11      22%         4
 Hailstorm                Conj/Ice       20%        3d6       22%         4
 Sticky Flame             Conj/Fire      20%        2d4       22%         4
 Maxwell's Capacitive Co  Air            42%        ∞         45%         8
 Borgnjor's Vile Clutch   Necr/Erth      10%        N/A       52%         5
 Lee's Rapid Deconstruct  Erth           10%        3d9*      52%         5
 Death Channel            Necr           10%        N/A       98%         6
 Starburst                Conj/Fire      10%        6d5       98%         6
 Portal Projectile        Hex/Tloc       Unusable   N/A       N/A         3
 Animate Dead             Necr           Unusable   N/A       N/A         4
 Simulacrum               Ice/Necr       Unusable   N/A       N/A         6

Dungeon Overview and Level Annotations

Branches:
Dungeon (15/15)            Temple (1/1) D:5            Lair (5/5) D:11
 Shoals (0/4) Lair:3       Spider (4/4) Lair:3        Slime (0/5) Lair:5
    Orc (2/2) D:12            Elf (0/3) Orc:2        Vaults (0/5) D:14
 Depths (0/4) D:15        Ossuary (visited)         Volcano (visited)

Altars:
Ashenzari
Cheibriados
Dithmenos
Elyvilon
Fedhas
Gozag
Hepliaklqana
Kikubaaqudgha
Makhleb
Nemelex Xobeh
Okawaru
Qazlal
Ru
Sif Muna
Trog
Uskayaw
Vehumet
Wu Jian
Xom
Yredelemnul
Zin
The Shining One

Shops:
Orc:2 [(*=*   Lair:1 ?   Lair:3 =:*:

Portals:
Abyss: Lair:3
Trove: D:12 (give 4 scrolls of butterflies)

Annotations:
D:4 Grinder
D:10 1 runed translucent door
D:11 exclusion: downstairs
Lair:3 2 transporters, Megustar's ghost, journeyman DEFE


Innate Abilities, Weirdness & Mutations

You have sharp claws.
You have razor-sharp teeth.
You have supernaturally acute eyesight. (SInv)
You cover ground quickly. (Speed+)
Your thick and shaggy fur keeps you warm. (AC +3, rC+)
Your paws help you pounce on unaware monsters.
You are incapable of wielding weapons or throwing items.
You cannot wear armour.
You gain extra lives every three experience levels.


Message History

You feel much better.
Your transformation is almost over.
Aiming: Blinkbolt
Press: ? - help, Dir - move target, f - meliai
Aim: a meliai, wielding a +4 war axe and wearing a +0 leather armour (almost dead, 88% to hit)
The shock of your passage hits the meliai!!!
You kill the meliai!
You blink.
The spark wasp bursts into living lightning!
The living lightning misses you.
The spark wasp blinks!
Casting: Summon Lightning Spire (safe; 1% risk of failure)
Confirm with . or Enter, or press ? or * to list all spells.
The culicivora bites you! The spark wasp completely misses you.
The culicivora completely misses you.
The wolf spider is distracted by your dazzling golden aura.
The spark wasp completely misses you.
The spark wasp completely misses you. x2
Your cactus giant hits the spark wasp with a +0 giant spiked club!
The culicivora completely misses you.
You hit the spark wasp but do no damage.
The spark wasp is lightly wounded.
You barely miss the culicivora. The spark wasp completely misses you.
The culicivora completely misses you.
The entropy weaver points at you and mumbles some strange words.
The entropic weave corrodes you!
As you read the scroll of teleportation, it crumbles to dust.
You feel strangely unstable. The spark wasp completely misses you.
The culicivora completely misses you.
You hit the spark wasp.
You punch the spark wasp, but do no damage.
The spark wasp is moderately wounded.
You hit the culicivora but do no damage.
Your transformation has ended.
The wolf spider is no longer distracted by gold.
The culicivora completely misses you. The spark wasp stings you.
The spark wasp shocks you!
* * * LOW HITPOINT WARNING * * *
The culicivora completely misses you. The spark wasp stings you.
You die...
Your body crumbles into a pile of gold.

.,,,^^,,,,,,,,#.^................
^,,#####,^,,,##..................
.,##^^.###^^##......≈^...^.^^...≈
.##.8...^####....≈≈^^###########.
...S.......########≈.^...≈..^..^.
.y.......).^≈^..^..............^.
......^...#...................^..
^.....s...s....C.................
≈...^.....#^B.$y@.........^....^.
#####..≈.^.^...s..^...≈.^#######.
,,^^########.......^.#####≈.^≈...
,,,,,,,,≈,*########^..^.^^^......
,,,,,,,,,,,#..^^.^.≈...........:.
,,,,,,,,,,^*#.................^.^
,,,,,,,,,,,,##............^..####
,,,,,,,,,,,,,##^........≈#####
,,,,,,,,,,,,,,#....≈≈#####


You could see an entropy weaver, a spark wasp (ally target), a wolf spider, a
culicivora and a friendly cactus giant (summoned).

Vanquished Creatures
  Mara (Spider:1)
  Nikola (Spider:2)
  Arachne (Spider:3)
  3 ghost moths (Spider:4)
  A broodmother (Spider:2)
  Azrael (Spider:3)
  5 entropy weavers
  Josephine (Spider:1)
  3 jorogumos (Spider:1)
  A radroach (Spider:2)
  A steelbarb worm (Spider:4)
  A phantasmal warrior (D:14)
  17 wolf spiders
  An orc sorcerer (Orc:2)
  3 torpor snails
  5 demonic crawlers
  9 meliai
  13 tarantellas
  2 blink frogs (Lair:1)
  19 jumping spiders
  15 culicivoras
  A basilisk (Lair:1)
  5 wraiths
  A fire elemental (Spider:3)
  A steam dragon (D:6)
  50 redbacks
  A water moccasin (Lair:5)
  A hell hound (Spider:3)
  4 killer bees
  An electric eel (Lair:4)
  An orc wizard (Orc:2)
  A ball python (D:1)
  A quokka (D:2)
  2 bats (D:1)
  3 rats (D:2)
177 creatures vanquished.

Vanquished Creatures (collateral kills)
  Jorgrun (Orc:1)
  Gastronok (Lair:2)
  An emperor scorpion (Lair:3)
  2 orc warlords (Orc:2)
  A ghost moth (Spider:3)
  A stone giant (D:15)
  The ghost of leavemydog the Severer, a journeyman HOFi of the Shining One (D:13)
  3 dire elephants (Lair:5)
  3 vault guards (D:14)
  A rakshasa (D:15)
  A jorogumo (Spider:3)
  A boulder beetle (Spider:1)
  A hydra (D:11)
  A catoblepas (D:13)
  A death knight (D:14)
  4 centaur warriors
  2 radroaches
  4 two-headed ogres
  8 death yaks
  An orc high priest (Orc:2)
  5 skeletal warriors (D:14)
  A spectral anaconda (Lair:5)
  2 orb spiders
  7 steelbarb worms
  6 deep trolls
  An obsidian statue (Lair:5)
  A pharaoh ant (Spider:2)
  3 wizards
  5 necromancers
  5 orc knights
  2 deep elf pyromancers
  An ugly thing (D:12)
  6 wolf spiders
  2 orc sorcerers
  A manticore (D:13)
  6 cyclopes
  19 elephants
  7 black mambas
  4 torpor snails
  A dire elephant zombie (Lair:5)
  2 unseen horrors
  A dire elephant skeleton (Lair:5)
  6 komodo dragons
  A gargoyle (D:12)
  2 efreet (D:14)
  12 cane toads
  A kobold demonologist (D:12)
  4 demonic crawlers
  A queen bee (Spider:4)
  9 trolls
  8 meliai
  3 hornets
  6 slime creatures (D:13)
  11 tarantellas
  2 spectral elephants (Lair:5)
  8 blink frogs
  A water elemental (D:15)
  14 jumping spiders
  2 spriggans (D:13)
  Sigmund (D:2)
  7 culicivoras
  Eustachio (D:6)
  18 humans (D:14)
  33 yaks
  A vampire (D:11)
  3 wyverns
  2 fire elementals (Spider:3)
  3 wraiths
  5 basilisks
  31 redbacks
  3 steam dragons
  14 vampire mosquitoes
  Menkaure (D:7)
  2 death yak simulacra (Lair:5)
  A spectral cane toad (Lair:5)
  A warg (D:12)
  2 hell hounds (Spider:3)
  17 water moccasins
  24 orc warriors
  2 sky beasts
  3 black bears
  2 ice beasts (D:7)
  3 ogres
  3 elephant zombies (Lair:5)
  2 wolves (D:10)
  7 centaurs
  A phantom (D:4)
  3 nameless horrors
  2 kobold brigands
  6 bullfrogs
  A necrophage (D:5)
  A gnoll sergeant (D:8)
  18 scorpions
  A cane toad simulacrum (Lair:5)
  3 wights
  19 killer bees
  A howler monkey (D:5)
  5 jellies
  17 orc priests
  2 hounds
  Jessica (D:2)
  5 iguanas
  23 orc wizards
  3 mummies (Ossuary)
  Robin (D:3)
  7 adders
  6 gnolls
  2 river rats (D:4)
  A shadow imp (D:6)
  12 white imps (Lair:5)
  An ufetubus (D:5)
  4 adder zombies (Ossuary)
  7 worms
  4 dart slugs
  65 orcs
  7 endoplasms
  6 giant cockroaches
  16 hobgoblins
  9 jackals
  13 kobolds
  A quokka (D:4)
  6 ball pythons
  5 bats
  3 frilled lizards (D:2)
  15 goblins
  3 goblin zombies (Ossuary)
  2 hobgoblin zombies (Ossuary)
  2 kobold zombies (Ossuary)
  4 quokka zombies (Ossuary)
  8 rats
  3 rat zombies (Ossuary)
735 creatures vanquished.

Vanquished Creatures (others)
  Snorg (Lair:3)
  A two-headed ogre (D:9)
  A tengu warrior (D:10)
  2 death yaks (Lair:5)
  2 elephants
  2 cane toads (Lair:1)
  A black mamba (Lair:1)
  A tengu conjurer (D:10)
  7 dancing weapons
  26 yaks
  A death yak simulacrum (Lair:5)
  Grum (D:10)
  A vampire mosquito (D:11)
  An acid dragon (D:11)
  2 swamp worms (D:9)
  A water moccasin (Lair:1)
  5 orc warriors
  A black bear (D:4)
  An ice beast (D:5)
  An elephant zombie (Lair:5)
  6 wolves
  An elephant skeleton (Lair:5)
  Blork the orc (D:6)
  A kobold brigand (D:6)
  3 bullfrogs
  A gnoll sergeant (D:6)
  5 wights
  4 iguanas (D:5)
  2 orcs
  2 kobolds
  2 bushes
  97 fungi
  114 plants
  30 withered plants (Lair:5)
328 creatures vanquished.

Grand Total: 1240 creatures vanquished

Notes
Turn   | Place    | Note
-------+----------+-------------------------------------------
     0 | D:1      | Grwwl the Felid Summoner began the quest for the Orb.
     0 | D:1      | Reached XP level 1. HP: 7/7 MP: 4/4
   364 | D:1      | Found a faded altar of an unknown god.
   484 | D:1      | Reached XP level 2. HP: 11/11 MP: 4/6
   487 | D:1      | Learned a level 2 spell: Call Imp
  1613 | D:1      | Reached XP level 3. HP: 14/14 MP: 4/7
  1617 | D:1      | Learned a level 3 spell: Call Canine Familiar
  2503 | D:2      | Found a hide-covered altar of Uskayaw.
  2929 | D:2      | Noticed Sigmund
  3485 | D:2      | Reached XP level 4. HP: 18/18 MP: 5/9
  3714 | D:2      | Noticed Jessica
  3996 | D:2      | Found a hide-covered altar of Uskayaw.
  5394 | D:3      | Reached skill level 5 in Summonings
  5445 | D:3      | Noticed Robin
  5453 | D:3      | Killed Robin
  5454 | D:3      | Reached XP level 5. HP: 21/21 MP: 11/11
  5466 | D:3      | Learned a level 3 spell: Summon Guardian Golem
  5891 | D:4      | Reached skill level 3 in Dodging
  5891 | D:4      | Reached skill level 1 in Hexes
  5897 | D:4      | Noticed Grinder
  6419 | D:4      | Noticed a phantom
  6471 | D:4      | Killed a phantom
  6472 | D:4      | Reached skill level 1 in Fighting
  6472 | D:4      | Gained mutation: You are covered in thick fur. (AC +2)
                  | [Felid growth]
  6472 | D:4      | Reached XP level 6. HP: 24/25 MP: 12/12
  6693 | D:4      | Identified the +8 chain mail "Naon" {rC++ rN+ Int+3 Dex-3}
  7207 | D:4      | Reached skill level 4 in Dodging
  7493 | D:4      | Learned a level 4 spell: Summon Lightning Spire
  7494 | D:5      | Entered Level 5 of the Dungeon
  7559 | D:5      | Reached XP level 7. HP: 30/30 MP: 14/14
  7668 | D:5      | Reached skill level 1 in Air Magic
  7811 | D:5      | Found a staircase to the Ecumenical Temple.
  7817 | Temple   | Entered the Ecumenical Temple
  7953 | Temple   | Became a worshipper of Gozag Ym Sagoz the Greedy
  8388 | D:5      | Reached skill level 5 in Spellcasting
  8388 | D:5      | Reached XP level 8. HP: 33/33 MP: 16/16
  8411 | D:5      | Identified the +1 ring mail of Soft Rains {Rampage Str+4
                  | Stlth+}
  9005 | D:6      | Found a shadowy altar of Dithmenos.
  9493 | D:6      | Noticed Blork the orc
  9703 | D:6      | Killed Blork the orc
  9704 | D:6      | Noticed Eustachio
  9719 | D:6      | Killed Eustachio
  9720 | D:6      | Reached XP level 9. HP: 34/36 MP: 19/19
  9968 | D:6      | Found a hazy altar of Hepliaklqana.
 10313 | D:2      | Killed Sigmund
 10525 | D:2      | Killed Jessica
 10578 | D:2      | Found a hide-covered altar of Uskayaw.
 11324 | D:7      | Found a hide-covered altar of Uskayaw.
 11479 | D:7      | Reached skill level 5 in Air Magic
 11549 | D:7      | Reached skill level 5 in Dodging
 11584 | D:7      | Noticed Menkaure
 11596 | D:7      | Killed Menkaure
 12319 | D:7      | Learned a level 3 spell: Tukima's Dance
 12391 | D:8      | Found a sand-covered staircase.
 12426 | Ossuary  | Entered an ossuary
 13116 | D:8      | Reached skill level 6 in Dodging
 13131 | D:8      | Found an ornate altar of the Wu Jian Council.
 13477 | D:8      | Reached XP level 10. HP: 31/42 MP: 14/21
 14020 | D:8      | Found a sparkling altar of Nemelex Xobeh.
 14020 | D:8      | Found a bloodstained altar of Trog.
 14169 | D:8      | Reached skill level 5 in Hexes
 14867 | D:9      | Found a glowing golden altar of the Shining One.
 14880 | D:9      | Noticed a two-headed ogre
 14908 | D:9      | Killed a two-headed ogre
 14909 | D:9      | Reached skill level 7 in Dodging
 15120 | D:9      | Reached skill level 5 in Fighting
 15629 | D:9      | Reached skill level 8 in Dodging
 16094 | D:10     | Entered Level 10 of the Dungeon
 16466 | D:10     | Noticed a tengu warrior
 16564 | D:10     | Reached XP level 11. HP: 48/48 MP: 15/24
 16566 | D:10     | Killed a tengu warrior
 16734 | D:10     | Found a shimmering altar of Xom.
 16770 | D:10     | Noticed Grum
 16808 | D:10     | Killed Grum
 16951 | D:10     | Found a runed translucent door.
 16953 | D:10     | Found a runed translucent door.
 17098 | D:10     | Found a burning altar of Makhleb.
 17104 | D:10     | Found a broken altar of Ashenzari.
 17233 | D:10     | Noticed a two-headed ogre
 17243 | D:10     | Killed a two-headed ogre
 17395 | D:10     | Noticed a two-headed ogre
 17415 | D:10     | Killed a two-headed ogre
 17416 | D:10     | Reached skill level 9 in Dodging
 17539 | D:10     | Reached skill level 10 in Summonings
 17717 | D:11     | Noticed a seven-headed hydra
 17784 | D:11     | Found a staircase to the Lair.
 18310 | D:11     | Reached skill level 10 in Dodging
 18396 | D:11     | Killed a seven-headed hydra
 19250 | Lair:1   | Entered Level 1 of the Lair of Beasts
 19275 | Lair:1   | Bought a scroll of identify for 32 gold pieces
 19275 | Lair:1   | Bought a scroll of identify for 32 gold pieces
 19328 | Lair:1   | Gained mutation: Your thick and shaggy fur keeps you warm.
                  | (AC +3, rC+) [Felid growth]
 19328 | Lair:1   | Reached XP level 12. HP: 55/55 MP: 21/26
 19396 | Lair:1   | Reached skill level 11 in Dodging
 19544 | Lair:1   | Identified the +1 quarterstaff of Lolif {freeze, *Slow rF+
                  | Will+}
 20007 | Lair:1   | Reached skill level 10 in Spellcasting
 20220 | Lair:1   | Reached skill level 12 in Dodging
 20958 | Lair:2   | Noticed Gastronok
 20969 | Lair:2   | Killed Gastronok
 20970 | Lair:2   | Reached skill level 10 in Fighting
 20970 | Lair:2   | Reached skill level 13 in Dodging
 21551 | Lair:3   | Bought a book of Beasts for 532 gold pieces
 21557 | Lair:3   | Learned a level 5 spell: Summon Mana Viper
 21626 | Lair:3   | Found a transporter.
 21882 | Lair:3   | Learned a level 3 spell: Swiftness
 21941 | Lair:3   | Found a transporter.
 21972 | Lair:3   | Reached XP level 13. HP: 62/62 MP: 17/28
 22140 | Lair:3   | Found a staircase to the Shoals.
 22333 | Lair:3   | Reached skill level 14 in Dodging
 22533 | Lair:3   | Noticed Snorg
 22544 | Lair:3   | Killed Snorg
 22593 | Lair:3   | Found a hole to the Spider Nest.
 22914 | Lair:3   | Noticed a fenstrider witch
 22921 | Lair:3   | Noticed Megustar's ghost (journeyman DEFE)
 22963 | Lair:3   | Found a one-way gate to the infinite horrors of the Abyss.
 23306 | Lair:4   | Reached skill level 1 in Transmutations
 23366 | Lair:4   | Found a dark tunnel.
 23436 | Volcano  | Entered a volcano
 24498 | Lair:5   | Entered Level 5 of the Lair of Beasts
 24629 | Lair:5   | Found a staircase to the Slime Pits.
 24945 | Lair:5   | Found a frozen archway.
 25339 | Lair:5   | Reached skill level 15 in Dodging
 25994 | Lair:5   | Reached skill level 5 in Transmutations
 26002 | Lair:5   | Reached XP level 14. HP: 68/68 MP: 16/29
 26494 | Lair:3   | Noticed a caustic shrike
 26519 | Lair:3   | Bought the Papyrus of the Assembled Salvo for 532 gold
                  | pieces
 26526 | Lair:3   | Learned a level 6 spell: Summon Cactus Giant
 26547 | Lair:3   | Noticed a frost giant
 28610 | Lair:5   | Identified the amulet of the Sun {-Cast rF+ Regen+ Str-2
                  | Dex+6}
 29442 | D:12     | Found the necklace of Bloodlust {*Rage Will++ Int-3 Slay+6}
 29521 | D:12     | Found a staircase to the Orcish Mines.
 29524 | Orc:1    | Entered Level 1 of the Orcish Mines
 29524 | Orc:1    | Noticed Jorgrun
 29814 | Orc:1    | Killed Jorgrun
 30417 | Orc:2    | Entered Level 2 of the Orcish Mines
 30578 | Orc:2    | Found Ixeyzoif's Assorted Antiques.
 30584 | Orc:2    | Found a staircase to the Elven Halls.
 31308 | Orc:2    | Noticed an orc warlord
 31564 | Orc:2    | Noticed an orc warlord
 31583 | Orc:2    | Killed an orc warlord
 31942 | Orc:2    | Reached skill level 10 in Air Magic
 32340 | Orc:2    | Killed an orc warlord
 32733 | Orc:2    | Found Finoof's General Store.
 32826 | Orc:2    | Found Nuproc's Jewellery Shop.
 32831 | Orc:2    | Found Eblawupt's Antique Weapon Shop.
 33020 | Orc:2    | Bought a scroll of magic mapping for 97 gold pieces
 33044 | Orc:2    | Found Puifopar's Antique Armour Shop.
 33924 | D:12     | Found a portal to a secret trove of treasure.
 34095 | D:13     | Found a runed translucent door.
 34345 | D:13     | Reached XP level 15. HP: 57/72 MP: 2/30
 34374 | D:13     | Learned a level 7 spell: Storm Form
 34998 | D:13     | Identified the +11 spear "Mesir" {vamp, rElec Dex+3}
 34999 | D:13     | Noticed leavemydog's ghost (journeyman HOFi)
 35053 | D:13     | Killed leavemydog's ghost
 35334 | D:14     | Identified a scroll of acquirement
 35339 | D:13     | Acquired 1188 gold pieces
 35634 | D:14     | Reached skill level 10 in Transmutations
 35741 | D:14     | Mangled by a phantasmal warrior
 35742 | D:14     | Reached XP level 14. HP: -12/69 MP: 15/29
 36527 | D:14     | Found a gate to the Vaults.
 37210 | D:14     | Found a bloodstained altar of Trog.
 37454 | D:15     | Entered Level 15 of the Dungeon
 37969 | D:15     | Identified the +11 great sword "Beastbane" {flame, rF+
                  | SInv}
 38036 | D:15     | Found a broken altar of Ashenzari.
 38262 | D:15     | Noticed a stone giant
 38279 | D:15     | Killed a stone giant
 38578 | D:15     | Found a staircase to the Depths.
 38991 | Spider:1 | Entered Level 1 of the Spider Nest
 38991 | Spider:1 | Noticed an emperor scorpion
 38997 | Spider:1 | Noticed Josephine
 39114 | Lair:3   | Killed an emperor scorpion
 39292 | Lair:3   | Found a hole to the Spider Nest.
 39491 | Spider:1 | Killed Josephine
 39492 | Spider:1 | Reached XP level 15. HP: 59/72 MP: 26/30
 39547 | Lair:3   | Bought the Directory of Shifting and Vitiation for 600 gold
                  | pieces
 39933 | Spider:1 | Reached skill level 16 in Dodging
 40938 | Spider:1 | Reached skill level 1 in Translocations
 40991 | Spider:1 | Reached skill level 1 in Unarmed Combat
 41214 | Spider:2 | Noticed Nikola
 41232 | Spider:2 | Killed Nikola
 42435 | Spider:2 | Identified the +4 dagger of Sucolas {freeze, rPois rF++
                  | rC+++ Int-2}
 42822 | Spider:3 | Noticed Mara
 42831 | Spider:3 | Noticed Grwwl's illusion
 42835 | Spider:2 | Killed from afar by Mara (illusionary)
 42836 | Spider:2 | Reached XP level 14. HP: -3/69 MP: 9/30
 42955 | Spider:2 | Noticed Grwwl's illusion
 43019 | Spider:1 | Killed Mara
 43111 | Spider:3 | Noticed Arachne
 43510 | Spider:3 | Killed a ghost moth
 43511 | Spider:3 | Reached XP level 15. HP: 69/73 MP: 0/31
 43852 | Spider:3 | Killed Arachne
 44443 | Spider:3 | Noticed Azrael
 44945 | Spider:3 | Killed Azrael
 45379 | Spider:4 | Entered Level 4 of the Spider Nest
 45819 | Lair:3   | Bought an amulet of magic regeneration for 480 gold pieces
 46103 | Spider:4 | Reached skill level 5 in Translocations
 47071 | Spider:4 | Noticed an emperor scorpion
 47083 | Spider:4 | Slain by a spark wasp

Illustrated notes

Levels and vault maps discovered:
D:1:      dpeg_arrival_connections, layout_basic, serial_co_window_serial,
          co_window_corner_a, co_window_of_opportunity_a,
          co_window_of_opportunity_a, co_window_paths_b,
          co_window_of_opportunity_a, co_window_corner_a, co_window_corner_a,
          co_window_paths_a, co_window_corner_a, co_window_broadway_c,
          co_window_paths_c, co_window_unsneaky_path_d,
          co_window_of_opportunity_b, co_window_of_opportunity_b,
          co_window_2corner, co_window_2corner,
          nicolae_ecumenical_snake_handling, nicolae_wormholes
D:2:      layout_basic, basic_altar, minmay_misc_feat_room, uniq_sigmund,
          uniq_jessica
D:3:      layout_basic, moated_statue, supply_closet_lemuel, nrook_mini_vaults,
          uniq_robin
D:4:      layout_basic, portal_sewer_entry_b, uniq_grinder
D:5:      layout_gridville, minmay_temple_entry_hall, corexii_corridor_pit,
          hangedman_decor_lopped, grunt_ministairs_2, minmay_checkerbox
D:6:      layout_basic, nicolae_dithmenos_the_darkroom, old_standard_altar,
          sword_in_stone
D:7:      layout_rooms, mainiacjoe_overflow_catwalk, minmay_puff, uniq_menkaure
D:8:      layout_loops_corners, nicolae_overflow_crystal_walls,
          gammafunk_temple_overflow_elements,
          lightli_ossuary_entry_decrepit_ruins, grunt_ministairs_13
D:9:      layout_long_grid, tso_altar, worms_lemuel
D:10:     lemuel_insect_pit, layout_basic, overflow_temple_1_default,
          minitemple, enter_bailey_5, serial_park_tiny_2, minmay_crystal_water,
          minivault_1, chequers_serial_rivers_small_a, uniq_grum
D:11:     layout_long_grid, due_lair_maze_entry_diamond, minmay_misc_feat_square
D:12:     layout_long_grid, orc_0_dummy, nicolae_trove_entry_diagonal,
          hex_medium, kennysheep_flooded_box,
          hellmonk_guarded_unrand_vitality_bloodlust
D:13:     layout_basic, ebering_ghost_funeral_grove
D:14:     layout_long_grid, grunt_vaults_entry_tiered, bloody_trog
D:15:     hangedman_depths_entry_civil_slaughter, layout_basic,
          cheibrodos_ashenzari_chains, minivault_14, st_stairs_13
Temple:   nicolae_temple_godzebo
Lair:1:   layout_loops_ring
Lair:2:   layout_cave_shapes, chequers_serial_rivers_small_3,
          chequers_serial_rivers_marsh, grunt_megastairs_5, uniq_gastronok
Lair:3:   layout_roguey, minmay_shoals_entry_centaurs,
          nicolae_spider_entry_non_spiders, gammafunk_ghost_abyssal_escape,
          st_stairs_12, uniq_snorg
Lair:4:   layout_gridlike, lightli_volcano_entry_magma_tube, serial_rivers,
          chequers_serial_rivers_small_b, chequers_serial_rivers_micro_d,
          chequers_serial_rivers_small_3, chequers_serial_rivers_micro_e,
          chequers_serial_rivers_micro_e, chequers_serial_rivers_small_3,
          fungi_pond_lemuel
Lair:5:   due_jungle_book, layout_loops_ring, slime_entry_1,
          portal_ice_cave_entry_imps
Spider:1: layout_cave_pods, drop_trap, uniq_josephine
Spider:2: nicolae_spider_mines_2, drop_trap, uniq_nikola
Spider:3: layout_spider_delve, uniq_arachne, uniq_azrael, uniq_mara
Spider:4: grunt_spider_rune_parallel, special_room [special_room_bee]
Orc:1:    layout_diamond_mine, mines2_lemuel, uniq_jorgrun
Orc:2:    grunt_orc_cross, layout_diamond_mine, serial_shops, shop_statue

Skill      XL: |  1  2  3  4  5  6  7  8  9 10 11 12 13 14 15 |
---------------+----------------------------------------------+-----
Stealth        | 3 4 |  4.0
Spellcasting   | 3 4 5 6 7 8 9 10 11 | 11.8
Summonings     | 5 6 7 8 9 10 11 | 11.0
Dodging        | 3 4 6 8 10 13 15 16 | 16.8
Hexes          | 2 3 4 5 6 7 |  7.0
Fighting       | 1 2 4 5 8 10 11 12 13 | 13.1
Air Magic      | 2 4 5 6 7 8 12 13 | 13.8
Transmutations | 5 12 14 | 14.1
Translocations | 5 |  5.9
Unarmed Combat | 4 |  4.0

Action                   |  1- 3 |  4- 6 |  7- 9 | 10-12 | 13-15 || total
-------------------------+-------+-------+-------+-------+-------++-------
Melee: Unarmed           |    24 |    11 |     9 |    54 |   554 ||   652
       Bite              |     1 |     1 |     1 |    11 |     6 ||    20
       Punch             |       |       |       |     1 |    13 ||    14
 Cast: Summon Small Mamm |    34 |    12 |     9 |       |       ||    55
       Call Imp          |    30 |    13 |    19 |     9 |       ||    71
       Call Canine Famil |       |    25 |    38 |    55 |    91 ||   209
       Summon Guardian G |       |     4 |    31 |    53 |    28 ||   116
       Summon Lightning  |       |       |    11 |    54 |   196 ||   261
       Tukima's Dance    |       |       |       |     4 |    21 ||    25
       Summon Mana Viper |       |       |       |     4 |   132 ||   136
       Summon Cactus Gia |       |       |       |       |   103 ||   103
       Storm Form        |       |       |       |       |    81 ||    81
Invok: Call Merchant     |       |       |       |     2 |     3 ||     5
 Abil: Blinkbolt         |       |       |       |       |     4 ||     4
       End Transformatio |       |       |       |       |     1 ||     1
Evoke: Wand              |       |       |       |       |     2 ||     2
       Lightning rod     |       |       |       |       |     1 ||     1
       Condenser vane    |       |       |       |       |     1 ||     1
  Use: Scroll            |     1 |     7 |     4 |     9 |    27 ||    48
       Potion            |       |       |     2 |       |     5 ||     7
 Stab: Distracted        |       |       |     2 |     1 |    12 ||    15
       Invisible         |       |       |       |       |     1 ||     1
       Sleeping          |       |       |       |       |     3 ||     3
       Confused          |       |       |       |       |     1 ||     1
Armor: Skin              |     2 |     3 |       |     2 |   120 ||   127
Dodge: Dodged            |    78 |    23 |    28 |   116 |  1207 ||  1452

Table legend: (Time is in decaauts)
 A = Elapsed time spent in this place.
 B = Non-inter-level travel time spent in this place.
 C = Inter-level travel time spent in this place.
 D = Time resting spent in this place.
 E = Time spent auto-exploring this place.
 F = Levels seen in this place.
 G = Mean time per level.
                   A        B        C        D        E       F      G
               +--------+--------+--------+--------+--------+-----+--------+
         Total |  42630 |  39984 |   2646 |   4235 |  24271 |  29 | 1470.0 |
       Dungeon |  22394 |  21130 |   1264 |   1005 |  15153 |  15 | 1492.9 |
        Temple |    129 |     92 |     37 |      0 |     80 |   1 |  129.0 |
          Lair |   9214 |   8731 |    483 |   1245 |   4822 |   5 | 1842.8 |
   Spider Nest |   7237 |   6551 |    686 |   1175 |   2577 |   4 | 1809.2 |
  Orcish Mines |   3136 |   2963 |    173 |    710 |   1407 |   2 | 1568.0 |
       Ossuary |    508 |    508 |      0 |    100 |    230 |   1 |  508.0 |
       Volcano |      8 |      8 |      0 |      0 |      0 |   1 |    8.0 |
               +--------+--------+--------+--------+--------+-----+--------+

Top non-repeatable levels by time:
  Lair:5: 3545 daAuts
     D:2: 2993 daAuts
Spider:2: 2709 daAuts
   Orc:2: 2152 daAuts
  Lair:3: 2137 daAuts
     D:1: 1973 daAuts
    D:14: 1925 daAuts
Spider:3: 1908 daAuts
     D:8: 1527 daAuts
    D:12: 1475 daAuts
  Lair:4: 1469 daAuts
    D:11: 1437 daAuts
    D:10: 1433 daAuts
Spider:4: 1328 daAuts
     D:9: 1316 daAuts
